Map: 2000 Atmospheres LE

Players

DPGCure (Cure)

  • Race: Terran Terran
  • League: Master

DPGZest (Zest) - Winner!

  • Race: Protoss Protoss

Event: TSL 7

VOD

Have the link to the VOD?

Description

Time

  • Played on: June 27, 2021, 11:55 a.m.
  • Length: 15:12

All games in this series

Show
View Real Time Build Order
Export as new Build Order

DPGCure Terran 

Build Orders:  

Get SALT Encoding   

  12  0:00  SCV  
  13  0:12  SCV  
  14  0:16  Supply Depot  
  14  0:24  SCV  
  15  0:38  SCV  
  15  0:39  Barracks  
  15  0:42  Refinery  
  16  0:50  SCV  
  17  1:02  SCV  
  18  1:14  SCV  
  19  1:26  Orbital Command, Marine  
  20  1:38  Command Center  
  20  1:44  Barracks Reactor  
  20  1:50  Supply Depot  
  20  1:53  SCV  
  21  2:05  SCV  
  22  2:11  Barracks  
  22  2:17  SCV  
  22  2:21  Marine x2  
  25  2:24  Barracks  
  25  2:29  SCV  
  26  2:38  Marine  
  26  2:39  Marine  
  26  2:41  SCV  
  29  2:50  Orbital Command  
  29  2:53  SCV  
  29  2:57  Marine x2  
  32  2:59  Barracks Tech Lab  
  32  3:02  Supply Depot  
  32  3:05  SCV  
  32  3:11  Barracks Tech Lab  
  32  3:15  Marine x2  
  32  3:16  SCV  
  32  3:18  Bunker, Marine  
  36  3:21  Stimpack  
  36  3:25  SCV  
  37  3:28  SCV  
  37  3:31  Combat Shield  
  39  3:35  Supply Depot  
  39  3:38  SCV  
  39  3:40  SCV  
  40  3:43  Marine x4  
  43  3:50  SCV, Engineering Bay  
  43  3:52  SCV  
  45  4:01  Marine x2  
  45  4:02  Marauder x2  
  51  4:05  SCV x2  
  51  4:07  Supply Depot  
  54  4:17  SCV x2  
  54  4:20  Marine  
  54  4:21  Marine, Supply Depot  
  54  4:23  Marauder x2  
  61  4:29  SCV x2  
  61  4:33  Missile Turret  
  61  4:35  Missile Turret  
  61  4:44  SCV x2  
  61  4:45  Factory  
  63  4:48  Marine x4  
  66  4:54  Terran Infantry Weapons Level 1  
  66  4:58  SCV x2  
  67  5:01  Refinery x2  
  67  5:03  Refinery  
  67  5:11  Marine x4  
  67  5:13  Concussive Shells  
  71  5:15  SCV  
  71  5:16  SCV  
  71  5:18  Supply Depot  
  73  5:28  SCV x2  
  74  5:32  Marauder  
  78  5:35  Supply Depot  
  78  5:37  Marine x2  
  78  5:38  Starport  
  78  5:40  Marine  
  78  5:41  SCV  
  78  5:42  SCV, Factory Reactor  
  81  5:45  Supply Depot  
  81  5:53  SCV  
  81  5:54  SCV  
  83  5:57  Marine  
  83  5:58  Marauder x2, Marine  
  83  6:00  Supply Depot  
  89  6:06  SCV x2  
  91  6:15  Command Center  
  91  6:21  Marauder, Marine x2  
  91  6:22  Marauder  
  91  6:24  Factory Reactor, Medivac x2  
  101  6:29  Supply Depot  
  98  6:32  Supply Depot  
  98  6:33  SCV x2  
  100  6:46  Marine  
  100  6:47  Marauder x2, Marine  
  97  6:53  Barracks  
  97  6:54  SCV x2, Barracks  
  98  6:56  Medivac x2  
  102  7:04  Widow Mine  
  102  7:05  Widow Mine, Terran Infantry Armor Level 1  
  102  7:08  SCV x2  
  108  7:15  Marauder x2, Marine x2  
  109  7:20  SCV x2  
  111  7:31  Orbital Command  
  111  7:34  Marine x2  
  111  7:35  Widow Mine x2, Medivac  
  119  7:38  Marauder  
  119  7:39  Marauder  
  119  7:40  Barracks Tech Lab  
  119  7:43  Barracks Reactor  
  123  7:45  SCV x2  
  123  7:49  Medivac  
  127  7:52  Supply Depot  
  127  7:53  Supply Depot  
  122  8:04  Marauder x2  
  121  8:06  Marine x2  
  121  8:07  Marauder  
  121  8:11  SCV x3  
  124  8:13  Widow Mine, Medivac  
  124  8:18  Marine x2  
  124  8:19  Medivac  
  130  8:24  Marine x2  
  130  8:25  Marauder  
  126  8:28  Widow Mine  
  127  8:36  Marauder x2, Marine x2  
  127  8:41  Widow Mine  
  131  8:42  Marine x2  
  131  8:45  Armory, Engineering Bay  
  131  8:47  Marauder  
  133  8:50  Widow Mine  
  133  8:54  Marine x2, Medivac  
  135  8:58  Marauder x2  
  135  9:00  Marine  
  140  9:04  Widow Mine  
  140  9:07  SCV x3  
  140  9:08  Marauder  
  147  9:10  Supply Depot  
  147  9:11  Widow Mine, Supply Depot  
  147  9:16  Marine x2, Medivac  
  153  9:18  Refinery  
  153  9:19  Marauder  
  155  9:30  Marine x2  
  155  9:31  Marauder, Marine  
  151  9:34  Marine x2  
  138  9:38  Widow Mine x2, Terran Infantry Weapons Level 2  
  138  9:40  Marauder  
  138  9:43  Terran Infantry Armor Level 2  
  140  9:48  Marine  
  140  9:49  SCV, Marauder  
  140  9:50  SCV  
  145  9:53  Marauder, Marine x3  
  145  9:57  Refinery  
  150  10:02  Marauder  
  150  10:06  Marine  
  153  10:08  Missile Turret  
  153  10:10  Marauder  
  153  10:11  Marine x3  
  153  10:13  SCV x3  
  161  10:14  Marauder  
  163  10:23  Marauder  
  163  10:24  Marine  
  163  10:25  Widow Mine x2, Medivac  
  172  10:29  Marine  
  172  10:31  Marine, Medivac  
  172  10:32  Marauder  
  168  10:36  Marauder  
  168  10:37  Supply Depot x2  
  168  10:38  Supply Depot  
  168  10:44  SCV x2  
  168  10:45  SCV  
  168  10:49  Marine x3  
  168  10:50  Marauder, Marine  
  168  10:54  Supply Depot  
  168  10:56  Medivac  
  172  10:59  Widow Mine  
  172  11:02  Widow Mine  
  174  11:10  Marauder x2, Marine x2  
  180  11:16  Marine x2  
  180  11:17  Marauder  
  183  11:27  Marine x2  
  183  11:31  Marauder  
  183  11:32  Marauder  
  187  11:35  Marine x2  
  187  11:38  Marauder  
  175  11:40  Widow Mine x2, Medivac x2  
  175  11:45  Marine x2  
  168  11:52  Marine x2  
  168  11:53  Marauder x2  
  168  12:00  Marauder  
  162  12:01  Widow Mine x2  
  162  12:03  Marine x2  
  162  12:07  Terran Infantry Weapons Level 3  
  160  12:10  Marine x2  
  160  12:12  Missile Turret  
  160  12:14  Marauder x2  
  166  12:19  Terran Infantry Armor Level 3  
  166  12:21  Marauder  
  172  12:23  Widow Mine x2  
  166  12:33  Marine x4  
  166  12:36  Marauder x2  
  171  12:37  Medivac  
  171  12:42  Marauder  
  176  12:44  Widow Mine x2  
  140  13:02  Marauder, Marine x4  
  140  13:04  Marauder  
  140  13:05  Viking  
  140  13:07  Viking  
  118  13:24  Marauder, Marine  
  118  13:25  Marauder, Marine  
  118  13:26  Orbital Command  
  119  13:39  Viking x2  
  123  13:45  Marauder  
  115  13:54  Marauder  
  117  13:56  Marine  
  117  13:57  Marine  
  96  14:12  Widow Mine x2  
  91  14:20  Marauder x2  
Show
View Real Time Build Order
Export as new Build Order

DPGZest Protoss - Winner!

Build Orders: 1 Gate Expand, Oracle Opening 

Get SALT Encoding   

  12  0:00  Probe  
  13  0:12  Probe  
  14  0:17  Pylon  
  14  0:24  Probe (Chrono Boost)  
  16  0:36  Probe (Chrono Boost), Gateway  
  16  0:43  Probe (Chrono Boost)  
  16  0:45  Assimilator  
  17  0:51  Probe  
  18  1:03  Probe  
  19  1:15  Probe  
  20  1:22  Nexus  
  20  1:32  Cybernetics Core  
  20  1:36  Probe  
  21  1:41  Assimilator  
  21  1:48  Probe  
  21  1:52  Pylon  
  22  2:00  Probe (Chrono Boost)  
  23  2:07  Stalker (Chrono Boost)  
  23  2:11  Probe (Chrono Boost)  
  26  2:16  Stargate  
  26  2:17  Probe  
  27  2:24  Warp Gate  
  27  2:29  Probe  
  28  2:33  Stalker  
  31  2:37  Probe  
  31  2:42  Probe  
  32  2:49  Probe  
  33  2:54  Probe  
  33  2:57  Oracle (Chrono Boost)  
  34  3:01  Probe  
  38  3:06  Probe  
  38  3:11  Stalker  
  41  3:13  Probe  
  41  3:18  Probe, Pylon  
  43  3:25  Probe  
  44  3:28  Twilight Council  
  44  3:29  Gateway  
  44  3:34  Gateway  
  44  3:36  Probe  
  44  3:38  Probe  
  46  3:49  Probe  
  46  3:50  Probe  
  46  3:54  Shield Battery  
  48  3:56  Pylon  
  48  3:59  Assimilator  
  48  4:01  Probe  
  48  4:02  Blink (Chrono Boost), Assimilator  
  49  4:06  Probe  
  49  4:09  Gateway  
  50  4:13  Probe  
  50  4:14  Sentry  
  53  4:17  Pylon  
  53  4:18  Probe  
  54  4:25  Probe  
  54  4:30  Probe  
  56  4:37  Probe  
  57  4:38  Sentry  
  57  4:41  Pylon  
  57  4:42  Probe, Nexus  
  60  4:49  Sentry  
  60  4:51  Pylon  
  62  4:53  Sentry  
  62  4:59  Pylon  
  64  5:01  Probe  
  64  5:03  Probe  
  64  5:05  Sentry  
  68  5:11  Forge  
  68  5:12  Forge  
  68  5:14  Probe  
  69  5:15  Probe  
  69  5:16  Shield Battery  
  69  5:19  Stalker  
  72  5:22  Stalker  
  72  5:26  Probe  
  72  5:27  Probe  
  76  5:29  Stalker  
  76  5:32  Stalker  
  80  5:38  Protoss Ground Weapons Level 1 (Chrono Boost)  
  80  5:39  Probe (Chrono Boost)  
  82  5:43  Probe (Chrono Boost)  
  82  5:44  Shield Battery  
  82  5:48  Protoss Ground Armor Level 1 (Chrono Boost)  
  82  5:49  Probe (Chrono Boost)  
  83  5:51  Robotics Facility  
  83  5:53  Probe (Chrono Boost)  
  83  5:55  Probe  
  85  6:00  Pylon  
  85  6:02  Charge  
  85  6:03  Probe  
  86  6:05  Probe  
  86  6:07  Probe  
  88  6:12  Stalker x2  
  92  6:21  Stalker x2  
  96  6:26  Gateway  
  96  6:28  Gateway, Assimilator  
  96  6:32  Probe x2  
  98  6:35  Phoenix  
  98  6:43  Pylon  
  98  6:44  Stalker x3  
  98  6:47  Probe x2  
  98  6:49  Probe  
  98  6:51  Assimilator  
  101  6:55  Immortal (Chrono Boost)  
  101  6:56  Robotics Bay  
  105  7:04  Gateway  
  105  7:05  Gateway  
  105  7:09  Pylon  
  105  7:10  Pylon  
  105  7:17  Stalker x4  
  105  7:20  Stalker  
  115  7:23  Pylon  
  115  7:26  Photon Cannon  
  115  7:29  Robotics Facility  
  115  7:32  Observer (Chrono Boost)  
  115  7:35  Pylon  
  116  7:43  Protoss Ground Weapons Level 2 (Chrono Boost)  
  116  7:48  Protoss Ground Armor Level 2 (Chrono Boost)  
  116  7:49  Pylon  
  116  7:50  Photon Cannon  
  116  7:52  Photon Cannon  
  112  8:01  Zealot x3  
  103  8:13  Zealot x5  
  109  8:22  Zealot x3  
  96  8:40  Colossus x2 (Chrono Boost)  
  96  8:42  Observer  
  96  8:44  Extended Thermal Lance  
  108  8:55  Stalker  
  108  8:56  Zealot x2, Stalker x5  
  118  9:23  Zealot, Stalker x4  
  118  9:24  Zealot x3  
  112  9:39  Colossus  
  112  9:40  Warp Prism  
  118  9:47  Assimilator  
  118  9:49  Sentry x3  
  118  9:50  Zealot x5  
  133  10:09  Gateway  
  133  10:10  Gateway, Dark Shrine  
  131  10:23  Observer  
  130  10:28  Protoss Ground Armor Level 3 (Chrono Boost)  
  130  10:29  Zealot x3  
  130  10:30  Zealot x4  
  138  10:45  Observer, Protoss Ground Weapons Level 3 (Chrono Boost)  
  135  11:02  Zealot x7  
  149  11:04  Observer  
  149  11:09  Pylon  
  149  11:27  Observer x2, Dark Templar x2  
  149  11:28  Dark Templar  
  137  11:40  Dark Templar x3  
  137  11:41  Zealot x2  
  119  12:09  Stalker  
  119  12:10  Stalker x4  
  119  12:14  Stalker x4  
  137  12:24  Dark Templar  
  139  12:35  Zealot x3, Stalker x2  
  139  12:36  Observer  
  134  12:50  Zealot x4  
  133  12:54  Archon  
  119  13:00  Zealot x2  
  119  13:01  Zealot x2  
  102  13:27  Sentry  
  100  13:50  Zealot  
  102  14:00  Observer  
Tags
 
Add a new tag
Caveats
  • Supply blocks, unpowered buildings, or Contaminate may cause inaccurate times.
  • Supply counts are checked every 10 seconds.